Map: Amygdala

Players

Jin - Winner!

  • Race: Protoss Protoss
  • League: Grandmaster
  • Spawn Location: 7:00

Moja

  • Race: Terran Terran
  • League: Grandmaster
  • Spawn Location: 1:00

VOD

Have the link to the VOD?

Description

Time

  • Played on: April 23, 2025, 4:39 p.m.
  • Length: 11:57
Show
View Real Time Build Order
Export as new Build Order

Jin Protoss - Winner!

Build Orders: Phoenix Opening, Blink Stalkers 

Get SALT Encoding   

  12  0:00  Probe  
  13  0:12  Probe  
  14  0:17  Pylon  
  14  0:23  Probe  
  15  0:31  Probe  
  16  0:37  Gateway  
  16  0:39  Probe  
  16  0:49  Assimilator  
  17  0:51  Probe  
  17  0:55  Assimilator  
  18  1:03  Probe  
  19  1:11  Pylon  
  19  1:15  Probe  
  20  1:24  Cybernetics Core  
  20  1:27  Probe  
  21  1:46  Nexus  
  21  1:48  Probe  
  21  1:53  Sentry  
  22  1:54  Phoenix  
  22  2:00  Probe  
  25  2:03  Warp Gate  
  25  2:13  Probe  
  25  2:14  Stalker  
  26  2:17  Pylon  
  28  2:25  Probe  
  29  2:36  Gateway  
  30  2:37  Probe  
  30  2:41  Stalker  
  30  2:49  Twilight Council  
  30  2:50  Blink  
  32  2:53  Probe  
  33  2:59  Probe  
  33  3:05  Probe  
  35  3:11  Stalker, Probe  
  36  3:17  Probe  
  39  3:23  Probe  
  40  3:29  Probe  
  41  3:34  Gateway  
  41  3:35  Probe  
  42  3:41  Probe  
  42  3:47  Probe  
  44  3:52  Stalker x2  
  44  3:53  Probe  
  49  3:58  Pylon  
  49  3:59  Probe  
  49  4:02  Phoenix  
  50  4:05  Robotics Facility  
  50  4:06  Probe  
  51  4:12  Probe  
  51  4:15  Pylon  
  52  4:18  Probe  
  52  4:20  Assimilator  
  52  4:22  Assimilator  
  53  4:25  Stalker x2  
  53  4:30  Probe  
  53  4:31  Stalker  
  60  4:32  Probe  
  61  4:39  Pylon  
  61  4:42  Probe  
  61  4:44  Probe  
  63  4:46  Phoenix  
  63  4:54  Probe  
  63  4:59  Nexus  
  64  5:00  Observer, Pylon  
  64  5:06  Probe  
  66  5:08  Probe  
  66  5:10  Robotics Bay  
  67  5:15  Forge  
  67  5:18  Probe  
  67  5:20  Probe  
  69  5:26  Sentry x2  
  73  5:30  Probe  
  73  5:31  Stalker  
  73  5:32  Probe  
  77  5:36  Gateway  
  77  5:42  Pylon, Probe  
  78  5:46  Immortal  
  78  5:49  Observer, Protoss Ground Weapons Level 1  
  70  6:02  Shield Battery  
  70  6:05  Probe x2  
  70  6:06  Stalker x3  
  78  6:12  Probe  
  78  6:17  Probe x2  
  78  6:18  Colossus  
  81  6:21  Phoenix  
  81  6:24  Probe  
  88  6:29  Probe  
  88  6:30  Stalker, Sentry  
  88  6:32  Probe  
  94  6:36  Probe  
  94  6:39  Charge  
  95  6:41  Probe  
  95  6:44  Probe  
  96  6:48  Gateway  
  96  6:50  Assimilator, Gateway  
  96  6:52  Gateway  
  96  6:54  Stalker x3  
  98  6:58  Pylon  
  102  7:01  Gateway  
  102  7:05  Colossus  
  102  7:14  Extended Thermal Lance, Pylon  
  108  7:19  Pylon  
  108  7:27  Zealot x4  
  116  7:32  Pylon  
  116  7:35  Pylon  
  116  7:44  Protoss Ground Weapons Level 2  
  116  7:47  Zealot x2  
  116  7:48  Zealot x5  
  116  7:51  Pylon  
  130  7:57  Forge  
  130  7:58  Warp Prism  
  132  8:10  Nexus  
  132  8:13  Zealot x5  
  132  8:19  Stalker x2  
  146  8:20  Protoss Ground Armor Level 1  
  146  8:24  Phoenix, Pylon  
  144  8:27  Pylon  
  144  8:33  Colossus  
  144  8:34  Gateway  
  144  8:36  Gateway, Pylon  
  144  8:42  Pylon  
  150  8:52  Zealot x3  
  156  9:02  Templar Archives  
  156  9:08  Zealot x5  
  164  9:16  Zealot x3  
  164  9:37  Zealot x9  
  166  9:42  Zealot  
  166  9:45  Colossus  
  98  10:01  Sentry x2  
  102  10:08  Phoenix  
  102  10:10  High Templar x4  
  102  10:11  High Templar  
  102  10:12  High Templar  
  102  10:13  Zealot x2  
  114  10:14  Archon  
  114  10:15  Archon  
  114  10:19  Archon  
  114  10:27  Zealot x2  
  118  10:35  Nexus  
  118  10:36  Zealot x2  
  121  10:43  Zealot x5  
  121  10:45  Zealot  
  133  10:56  Stalker x2  
  133  10:57  Stalker  
  115  11:11  Stalker x4  
  115  11:12  Stalker  
  115  11:14  Nexus  
  123  11:22  Stalker x3  
  123  11:23  Stalker  
  121  11:35  Sentry x2  
  121  11:36  Stalker x2  
  129  11:47  Zealot  
  129  11:48  Zealot x4  
Show
View Real Time Build Order
Export as new Build Order

Moja Terran 

Build Orders:  

Get SALT Encoding   

  12  0:00  SCV  
  13  0:12  SCV  
  14  0:16  Supply Depot  
  14  0:24  SCV  
  15  0:38  SCV  
  15  0:39  Barracks  
  15  0:42  Refinery  
  16  0:50  SCV  
  17  1:02  SCV  
  18  1:14  SCV  
  19  1:26  Orbital Command, Barracks Reactor  
  19  1:37  Command Center  
  19  1:46  Supply Depot  
  19  1:52  SCV  
  20  2:02  Reaper x2  
  20  2:04  SCV  
  20  2:08  Barracks  
  23  2:16  SCV  
  23  2:20  Barracks  
  24  2:28  SCV  
  25  2:33  Marine  
  25  2:34  Marine  
  27  2:40  SCV  
  28  2:49  Orbital Command  
  28  2:52  SCV  
  28  2:55  Barracks Tech Lab  
  28  2:56  Marine x2  
  31  3:04  SCV  
  32  3:09  Barracks Tech Lab  
  32  3:14  SCV  
  32  3:19  SCV  
  34  3:20  Marine x3, Stimpack  
  34  3:25  Bunker  
  37  3:28  SCV, Marine  
  37  3:32  Combat Shield  
  37  3:33  SCV  
  40  3:38  Refinery  
  40  3:39  Supply Depot, Marine x2  
  40  3:40  SCV, Marine  
  44  3:45  SCV  
  44  3:48  Marine  
  46  4:00  Marine x2  
  46  4:01  Supply Depot, SCV x2  
  46  4:02  Marine  
  50  4:07  Marine, Factory  
  52  4:10  Engineering Bay  
  52  4:13  SCV x2  
  54  4:17  Refinery  
  54  4:21  Supply Depot  
  54  4:23  Marine x3  
  57  4:25  SCV, Marine  
  57  4:29  SCV  
  60  4:32  Supply Depot  
  60  4:37  SCV, Terran Infantry Weapons Level 1  
  61  4:41  SCV  
  62  4:46  Marine x3  
  62  4:47  Marine  
  62  4:49  SCV  
  62  4:52  Supply Depot  
  66  4:53  SCV  
  66  4:56  Starport, Factory Reactor  
  66  5:05  SCV x2, Marauder x2  
  72  5:12  Concussive Shells, Marine x2  
  74  5:17  SCV  
  74  5:18  SCV  
  74  5:25  Supply Depot  
  73  5:29  Marauder x2  
  73  5:30  SCV  
  73  5:32  Marine x2  
  80  5:38  Refinery  
  80  5:47  Medivac x2  
  79  5:51  Marine  
  79  5:52  Marine, Marauder x2  
  85  6:01  Supply Depot  
  85  6:03  Command Center  
  85  6:14  Marine, Marauder x2  
  90  6:20  Medivac x2  
  90  6:23  Supply Depot  
  90  6:24  Marine  
  90  6:25  Supply Depot  
  95  6:31  Factory Reactor  
  95  6:33  Barracks  
  95  6:35  Barracks  
  95  6:37  Marine  
  95  6:38  Marauder  
  95  6:39  Marauder  
  92  6:45  SCV  
  93  6:49  Terran Infantry Armor Level 1  
  93  6:50  Medivac  
  93  6:53  SCV  
  96  6:56  Medivac  
  96  6:59  Marauder  
  100  7:01  Marine  
  100  7:02  Marauder  
  100  7:03  SCV  
  100  7:05  SCV  
  105  7:16  SCV  
  105  7:17  Orbital Command, SCV  
  105  7:18  Marine  
  105  7:20  Marauder  
  110  7:23  Marauder, Medivac  
  110  7:26  Barracks Tech Lab  
  114  7:32  Marine  
  114  7:33  Marine  
  114  7:36  SCV x2  
  118  7:42  Marauder  
  119  7:46  Marine  
  119  7:47  Supply Depot x2, Marauder x2  
  119  7:48  SCV  
  119  7:49  SCV  
  126  7:53  Orbital Command, Medivac x2  
  130  7:59  Supply Depot x2  
  130  8:06  Marine  
  130  8:07  Marauder  
  130  8:08  SCV x2  
  130  8:10  Engineering Bay, Armory  
  135  8:18  Marine, Marauder  
  138  8:21  Marine, Marauder  
  138  8:24  Marine  
  138  8:25  SCV  
  138  8:26  SCV  
  144  8:28  Marauder  
  146  8:37  SCV  
  146  8:39  Command Center  
  147  8:42  Marine  
  147  8:43  Marauder  
  147  8:44  Marine, Marauder  
  147  8:47  SCV  
  154  8:52  Supply Depot  
  154  8:53  Supply Depot  
  154  8:55  Viking x2  
  156  8:59  Terran Infantry Armor Level 2, Terran Infantry Weapons Level 2  
  156  9:01  Terran Ship Weapons Level 1  
  157  9:04  SCV x2  
  157  9:05  SCV  
  160  9:16  SCV  
  159  9:23  Marine  
  147  9:24  Marine, Marauder  
  147  9:25  Marauder  
  147  9:26  Marine  
  147  9:27  Marauder, Viking x2  
  155  9:34  Marine  
  142  9:41  Marine  
  142  9:42  SCV, Marine  
  142  9:44  Marine  
  126  9:45  Marauder  
  126  9:46  Marauder  
  126  9:48  Marauder  
  126  9:52  Marine  
  124  9:57  Orbital Command, Medivac x2  
  124  9:58  SCV x2  
  124  9:59  Marine  
  126  10:00  Marine  
  126  10:07  Marauder x2  
  124  10:10  Marauder  
  127  10:17  SCV x2, Marine x2  
  131  10:21  Supply Depot  
  131  10:22  Supply Depot  
  131  10:25  SCV  
  131  10:28  Marauder  
  134  10:29  Marauder  
  134  10:31  Marine, Marauder, Medivac  
  134  10:32  Medivac  
  143  10:36  Command Center  
  143  10:49  Marauder  
  145  10:57  Marine, Marauder  
  125  11:04  Marine x2  
  125  11:05  Marauder  
  125  11:06  SCV x2  
  125  11:10  Marine  
  125  11:11  Marauder  
  125  11:14  Marine  
  123  11:18  Marauder  
  123  11:22  Marine x2  
  109  11:26  Marauder  
  109  11:28  Marine  
  109  11:31  SCV x3  
  109  11:32  Marine, Marauder  
Tags
 
Add a new tag
Caveats
  • Supply blocks, unpowered buildings, or Contaminate may cause inaccurate times.
  • Supply counts are checked every 10 seconds.